 Dungeon Crawl Stone Soup version 0.19-a0-1013-g40768a3 (webtiles) character file.

17721 4thArraOfDagon the Basher (level 12, -6/91 HPs)
             Began as a Centaur Abyssal Knight on July 24, 2016.
             Was an Elder of Lugonu.
             Mangled by a death yak (16 damage)
             ... on level 5 of the Lair of Beasts.
             The game lasted 00:40:36 (6576 turns).

4thArraOfDagon the Basher (Centaur Abyssal Knight)  Turns: 6576, Time: 00:40:36

Health: -6/91      AC: 12    Str: 12    XL:     12   Next: 21%
Magic:  6/6        EV: 11    Int: 15    God:    Lugonu [****..]
Gold:   769        SH:  0    Dex: 11    Spells: 4 memorised, 5 levels left

rFire  + . .     SeeInvis .     U - +5 demon whip "Spellbinder" {antimagic, MR+}
rCold  . . .     Gourm    .     Y - +3 ring mail {rPois}
rNeg   + . .     Faith    .     (no shield)
rPois  +         Spirit   .     u - +2 helmet
rElec  .         Dismiss  .     (no cloak)
rCorr  +         Reflect  .     (no gloves)
SustAt .         Harm     .     (no barding)
MR     ++...                    p - amulet of regeneration
Stlth  ..........               H - ring of positive energy
                                L - ring of resist corrosion

@: very quick, very resistant to hostile enchantments, extremely unstealthy
A: hooves 3, repulsion field 1, deformed body, fire resistance 1, speed 2, magic
resistance 1, tough skin 3, weak 1, subdued magic 1
a: Depart the Abyss, Bend Space, Banish, Corrupt, Renounce Religion


You were on level 5 of the Lair of Beasts.
You worshipped Lugonu.
Lugonu was greatly pleased with you.
You were very hungry.

You visited 2 branches of the dungeon, and saw 18 of its levels.
You visited the Abyss 1 time.

You collected 769 gold pieces.

Inventory:

Hand Weapons
 a - a +1 spear
 i - a +2 rapier of protection
 r - a +8 dire flail of freezing
 v - a +0 blowgun
 U - the +5 demon whip "Spellbinder" (weapon) {antimagic, MR+}
   (You found it on level 6 of the Lair of Beasts)

   It reduces the magical energy of the wielder, and disrupts the spells and
   magical abilities of those hit.
   Natural abilities and divine invocations are not affected.
   It affects your resistance to hostile enchantments.
Armour
 u - a +2 helmet (worn)
 Y - a +3 ring mail of poison resistance (worn)
Magical Staves
 b - an uncursed staff of energy {unknown}
 G - an uncursed staff of conjuration {!a}
Jewellery
 h - an uncursed ring of see invisible
 p - an amulet of regeneration (around neck)
 q - an uncursed amulet of guardian spirit {unknown}
 x - an uncursed ring of sustain attributes
 y - an uncursed amulet of harm
 B - an uncursed amulet of the gourmand
 H - a ring of positive energy (right hand)
 L - a ring of resist corrosion (left hand)
 V - an uncursed ring of stealth
Wands
 t - a wand of random effects (24/48)
 D - a wand of flame (13/48)
 J - a wand of disintegration (4/24)
 N - a wand of digging (14/24)
 P - a wand of polymorph (6/24)
 R - a wand of iceblast (0/15)
 T - a wand of polymorph (0/24)
 X - a wand of slowing (19/48)
Scrolls
 g - a scroll of fear
 j - a scroll of fog
 m - a scroll of noise
 o - 2 scrolls of teleportation
 w - a scroll of random uselessness
 A - 2 scrolls of remove curse
 F - a scroll of magic mapping
 W - a scroll of recharging
Potions
 d - 3 potions of heal wounds
 e - 2 potions of lignification
 f - 8 potions of curing
 k - a potion of berserk rage {unknown}
 l - a potion of degeneration
 z - a potion of cure mutation
 K - 2 potions of haste {unknown}
 M - a potion of agility
 Q - 2 potions of flight {unknown}
Books
 I - a book of Air

   Spells                             Type                      Level
   a - Shock                          Conjuration/Air              1
   b - Swiftness                      Charms/Air                   2
   c - Repel Missiles                 Charms/Air                   2
   d - Static Discharge               Conjuration/Air              3
   e - Lightning Bolt                 Conjuration/Air              5
Miscellaneous
 Z - a sack of spiders
Comestibles
 c - 6 bread rations
 n - 6 meat rations


   Skills:
 - Level 4.0 Fighting
 - Level 12.6 Maces & Flails
 - Level 1.7 Polearms
 - Level 5.1 Armour
 - Level 3.0 Dodging
 * Level 1.2 Spellcasting
 * Level 1.5 Charms
 * Level 1.5 Necromancy
 - Level 9.0 Invocations
 - Level 7.5 Evocations


You had 5 spell levels left.
You knew the following spells:

 Your Spells              Type           Power        Failure   Level  Hunger
a - Regeneration          Chrm/Necr      #.........   82%         3    ####...
b - Repel Missiles        Chrm/Air       #.....       54%         2    ###....
c - Swiftness             Chrm/Air       #.......     54%         2    ###....
d - Animate Skeleton      Necr           N/A          26%         1    ##.....


Dungeon Overview and Level Annotations

Branches:
Dungeon (12/15)              Lair (6/6) D:11          Slime (0/5) Lair:6
 Temple: D:4-7        Swamp: Lair:2-4    Shoals: Lair:2-4     Snake: Lair:2-4
 Spider: Lair:2-4       Orc: D:9-12

Altars:
Fedhas
Kikubaaqudgha
Nemelex Xobeh
Okawaru
Qazlal
Uskayaw
Xom
The Shining One
Jiyva

Annotations:
D:4 Multipenetrator's ghost, amateur FoEE
D:8 Grum
D:10 Psyche
Lair:3 corrupted


Innate Abilities, Weirdness & Mutations

You have hooves in place of feet.
Armour fits poorly on your strangely shaped body.
You cover ground very quickly.
You have extremely tough skin. (AC +3)
You are surrounded by a mild repulsion field. (EV +2)
Your flesh is heat resistant. (rF+)
You are resistant to hostile enchantments. (MR+)
You are weak. (Str -2)
Your spells are a little easier to cast, but a little less powerful.


Message History

You hit the death yak.
The death yak is severely wounded.
You hit the death yak.
The death yak is severely wounded.
The death yak gores you but does no damage.
You whack the death yak!
The death yak is severely wounded.
You whack the death yak!
The death yak is almost dead.
The death yak gores you!
* * * LOW HITPOINT WARNING * * *
You barely miss the death yak.
The death yak is almost dead.
You hit the death yak.
The death yak is almost dead.
You feel less woody.
Your +2 helmet unmelds from your body.
Your +3 ring mail of poison resistance unmelds from your body.
You feel resistant to poison. The death yak gores you!
You die...

†## #..........................#
..# ##.8.#.....................#
### #####....8..#..###.....P.##
.#### #.##......##....Y.....#
..#.## #####........#.......##
.....# ##......8............#
.....#*#####.#...Y....Y#.........
.....#.#......YY##.....+...÷.....
....P.#........#@###.............
........#......### ##.#........##
....#.#.##..#### ####.#+#...#
....#*.###..# ##....###
...######...## #### #P....P##
..### #.#...###..## ###.....#
..#.#####.+......#.# ##..##.
.....##.....>......########)...#.
....#..+............#.##........#


You could see 2 death yaks.

Vanquished Creatures
  A dire elephant (Lair:6)
  2 hydras (Lair:6)
  A merfolk avatar (Lair:6)
  2 death yaks (Lair:5)
  2 griffons (Lair:6)
  A manticore (Lair:6)
  2 elephants (Lair:6)
  A spiny frog (Lair:6)
  3 komodo dragons (Lair:6)
  3 rime drakes (Lair:6)
  4 polar bears
  A two-headed ogre (D:10)
  3 blink frogs (Lair:6)
  A boulder beetle (Lair:6)
  A shadow (D:11)
  3 yaks (Lair:5)
  3 wyverns (Lair:6)
  A human (Lair:6)
  3 hippogriffs
  9 water moccasins
  3 porcupines
  A black bear (Lair:1)
  A sky beast (D:11)
  A necrophage (D:8)
  A wasp (Lair:6)
  A tengu (Lair:2)
  11 wolves (Lair:2)
  10 crocodiles
  7 giant frogs
  2 hounds
  A giant frog skeleton (D:8)
  3 iguanas
  A worker ant (D:7)
  12 sheep
  A hound skeleton (D:10)
  8 adders
  16 river rats
  A shadow imp (D:7)
  A giant gecko (D:8)
  3 orcs (D:9)
  4 bats
  4 giant cockroaches
  10 goblins
  6 hobgoblins
  6 jackals
  A quokka (D:9)
  4 giant newts
  A goblin zombie (D:11)
  4 kobolds
  2 orc skeletons (D:11)
  An orc zombie (D:11)
  4 rats
179 creatures vanquished.

Vanquished Creatures (collateral kills)
  A hippogriff (Lair:6)
1 creature vanquished.

Vanquished Creatures (others)
  3 hydras
  A sea snake (Lair:6)
  2 black mambas
  7 spiny frogs
  A komodo dragon (Lair:3)
  5 yaks (Lair:3)
  A basilisk (Lair:3)
  2 porcupines (Lair:3)
  A giant frog (Lair:3)
  An iguana (Lair:3)
  7 fungi
  11 plants
  8 starspawn tentacles (Lair:3)
  46 starspawn tentacle segments (Lair:3)
96 creatures vanquished.

Grand Total: 276 creatures vanquished

Notes
Turn   | Place    | Note
-------+----------+-------------------------------------------
     0 | Abyss:1  | 4thArraOfDagon the Centaur Abyssal Knight began the quest for the Orb.
     0 | Abyss:1  | Reached XP level 1. HP: 19/19 MP: 2/2
    72 | Abyss:2  | Noticed an eye of devastation
    79 | Abyss:2  | Noticed an ancient zyme
   103 | Abyss:2  | Noticed a large abomination
   132 | Abyss:2  | Found a corrupted altar of Lugonu.
   136 | Abyss:2  | Noticed a raiju
   177 | Abyss:2  | Noticed a small abomination
   180 | Abyss:2  | Noticed a ynoxinul
   191 | Abyss:2  | Noticed a hell knight
   194 | Abyss:2  | Noticed a thrashing horror
   197 | D:1      | Escaped the Abyss
   263 | D:1      | Reached * piety under Lugonu
   299 | D:1      | Reached XP level 2. HP: 26/26 MP: 3/3
   423 | D:2      | Found a glowing golden altar of the Shining One.
   424 | D:2      | Found a sparkling altar of Nemelex Xobeh.
   473 | D:2      | Reached XP level 3. HP: 27/33 MP: 4/4
   649 | D:3      | Found a stormy altar of Qazlal.
   695 | D:3      | Reached ** piety under Lugonu
   843 | D:3      | Found a blossoming altar of Fedhas.
   975 | D:4      | Noticed Multipenetrator's ghost (amateur FoEE)
   984 | D:5      | Entered Level 5 of the Dungeon
   999 | D:5      | Reached XP level 4. HP: 40/40 MP: 6/6
  1066 | D:5      | Gained mutation: Your flesh is heat resistant. (rF+) [potion of mutation]
  1066 | D:5      | Gained mutation: You are surrounded by a mild repulsion field. (EV +2) [potion of mutation]
  1066 | D:5      | Gained mutation: Your muscles are strong. (Str +2) [potion of mutation]
  1205 | D:5      | Found an ancient bone altar of Kikubaaqudgha.
  1513 | D:8      | Found a shimmering altar of Xom.
  1518 | D:7      | Noticed a necrophage
  1535 | D:8      | Killed a necrophage
  1535 | D:8      | Reached skill level 5 in Invocations
  1535 | D:8      | Reached XP level 5. HP: 36/44 MP: 7/9
  1720 | D:7      | Noticed an ogre
  1806 | D:8      | Reached XP level 6. HP: 35/52 MP: 10/10
  1905 | D:9      | Noticed a hungry ghost
  1992 | D:8      | Noticed Grum
  2012 | D:10     | Entered Level 10 of the Dungeon
  2012 | D:10     | Noticed an unseen horror
  2053 | D:9      | Found an iron altar of Okawaru.
  2074 | D:9      | Noticed a hand axe
  2075 | D:9      | Noticed a hand axe
  2076 | D:9      | Found a hide-covered altar of Uskayaw.
  2123 | D:9      | Noticed a yak
  2124 | D:9      | Noticed a yak
  2251 | D:9      | Noticed an orc warrior
  2383 | D:11     | Noticed a hippogriff
  2405 | D:11     | Killed a hippogriff
  2453 | D:11     | Noticed a shadow
  2467 | D:11     | Killed a shadow
  2467 | D:11     | Reached XP level 7. HP: 31/59 MP: 11/13
  2498 | D:11     | Noticed a two-headed ogre
  2514 | D:11     | Noticed a hill giant
  2520 | D:12     | Noticed a hungry ghost
  2563 | D:12     | Noticed a hill giant
  2566 | D:12     | Noticed a cyclops
  2571 | D:12     | Noticed a gargoyle
  2579 | D:12     | Got a dazzling leather armour
  2683 | D:11     | Reached skill level 1 in Evocations
  2689 | D:11     | Gained mutation: You can translocate small distances at will. [mutagenic meat]
  2692 | D:11     | Lost mutation: Your muscles are strong. (Str +2) [mutagenic meat]
  2698 | D:11     | Lost mutation: You can translocate small distances at will. [mutagenic meat]
  2755 | D:10     | Noticed a two-headed ogre
  2758 | D:10     | Killed a two-headed ogre
  2758 | D:10     | Reached XP level 8. HP: 66/66 MP: 14/14
  2765 | D:10     | Noticed Psyche
  2815 | D:11     | Reached *** piety under Lugonu
  2854 | D:11     | Found a staircase to the Lair.
  2861 | Lair:1   | Entered Level 1 of the Lair of Beasts
  3014 | Lair:2   | Reached skill level 5 in Evocations
  3064 | Lair:2   | Identified the +1 leather armour "Sihi" {Str+3} (You found it on level 12 of the Dungeon)
  3069 | Lair:2   | Noticed an elephant
  3074 | Lair:2   | :(
  3079 | Lair:2   | Noticed an elephant
  3095 | Lair:2   | Noticed an elephant
  3096 | Lair:2   | Noticed an elephant
  3122 | Lair:2   | Noticed a komodo dragon
  3352 | Lair:1   | Noticed a komodo dragon
  3442 | Lair:2   | Reached XP level 9. HP: 13/71 MP: 15/15
  3528 | Lair:2   | Reached skill level 1 in Dodging
  3626 | Lair:3   | Noticed a komodo dragon
  3678 | Lair:2   | Reached **** piety under Lugonu
  3858 | Lair:3   | Noticed a spiny frog
  3858 | Lair:3   | Noticed a black mamba
  3875 | Lair:3   | Corrupted Lair:3
  3875 | Lair:3   | Noticed a smoke demon
  3875 | Lair:3   | Noticed a hellephant
  3875 | Lair:3   | Noticed a large abomination
  3875 | Lair:3   | Noticed a spatial maelstrom
  3877 | Lair:3   | Killed a black mamba
  3878 | Lair:3   | Noticed an efreet
  3888 | Lair:3   | Killed a spiny frog
  3890 | Lair:3   | Noticed a death drake
  3897 | Lair:3   | Noticed a spiny frog
  3900 | Lair:3   | Noticed a tentacled starspawn
  3915 | Lair:3   | Killed a spiny frog
  3922 | Lair:3   | Noticed a spiny frog
  3932 | Lair:3   | Killed a spiny frog
  3953 | Lair:3   | Gained mutation: You are resistant to hostile enchantments. (MR+) [potion of mutation]
  3953 | Lair:3   | Gained mutation: You are weak. (Str -2) [potion of mutation]
  3953 | Lair:3   | Gained mutation: Your spells are a little easier to cast, but a little less powerful. [potion of mutation]
  3981 | Lair:3   | Killed a komodo dragon
  4376 | Lair:4   | Noticed a spiny frog
  4377 | Lair:4   | Banished a spiny frog
  4427 | Lair:4   | Noticed a spiny frog
  4428 | Lair:4   | Banished a spiny frog
  4524 | Lair:5   | Noticed a five-headed hydra
  4535 | Lair:5   | Banished a five-headed hydra
  4535 | Lair:5   | Reached skill level 1 in Maces & Flails
  4535 | Lair:5   | Reached skill level 5 in Armour
  4544 | Lair:5   | Reached skill level 2 in Maces & Flails
  4544 | Lair:5   | Reached XP level 10. HP: 75/78 MP: 9/16
  4608 | Lair:5   | Noticed an eight-headed hydra
  4609 | Lair:5   | Banished an eight-headed hydra
  4609 | Lair:5   | Reached skill level 3 in Maces & Flails
  4617 | Lair:5   | Reached skill level 4 in Maces & Flails
  4771 | Lair:4   | Reached skill level 5 in Maces & Flails
  4960 | Lair:5   | Reached skill level 6 in Maces & Flails
  4969 | Lair:5   | Noticed a death yak
  4970 | Lair:5   | Noticed a death yak
  4970 | Lair:5   | Noticed a death yak
  4970 | Lair:5   | Noticed a death yak
  4970 | Lair:5   | Noticed an elephant
  5006 | Lair:5   | Noticed an elephant
  5007 | Lair:5   | Noticed an elephant
  5008 | Lair:5   | Noticed an elephant
  5010 | Lair:5   | Noticed an elephant
  5065 | Lair:6   | Entered Level 6 of the Lair of Beasts
  5065 | Lair:6   | Noticed a spiny frog
  5099 | Lair:6   | Learned a level 3 spell: Regeneration
  5102 | Lair:6   | Learned a level 2 spell: Repel Missiles
  5105 | Lair:6   | Learned a level 2 spell: Swiftness
  5107 | Lair:6   | Learned a level 1 spell: Animate Skeleton
  5124 | Lair:6   | Noticed a black mamba
  5130 | Lair:6   | Banished a black mamba
  5141 | Lair:6   | Reached skill level 7 in Maces & Flails
  5158 | Lair:6   | Noticed a spiny frog
  5161 | Lair:6   | Banished a spiny frog
  5182 | Lair:6   | Found a viscous altar of Jiyva.
  5214 | Lair:6   | Found a staircase to the Slime Pits.
  5235 | Lair:6   | Noticed a five-headed hydra
  5253 | Lair:6   | Killed a spiny frog
  5253 | Lair:6   | Reached skill level 8 in Maces & Flails
  5254 | Lair:6   | Noticed a spiny frog
  5261 | Lair:6   | Killed a five-headed hydra
  5261 | Lair:6   | Reached XP level 11. HP: 53/84 MP: 17/17
  5395 | Lair:6   | Reached skill level 9 in Maces & Flails
  5585 | Lair:6   | Noticed a dire elephant
  5705 | Lair:6   | Reached skill level 10 in Maces & Flails
  5745 | Lair:6   | Noticed a five-headed hydra
  5745 | Lair:6   | Noticed a griffon
  5752 | Lair:6   | Banished a five-headed hydra
  5768 | Lair:6   | Killed a griffon
  6002 | Lair:6   | Reached skill level 11 in Maces & Flails
  6012 | Lair:6   | Noticed a griffon
  6030 | Lair:6   | Killed a griffon
  6036 | Lair:6   | Killed a dire elephant
  6072 | Lair:6   | Noticed a sea snake
  6140 | Lair:6   | Reached skill level 12 in Maces & Flails
  6179 | Lair:6   | Banished a sea snake
  6181 | Lair:6   | Noticed a seven-headed hydra
  6182 | Lair:6   | Noticed a merfolk avatar
  6207 | Lair:6   | Killed a seven-headed hydra
  6207 | Lair:6   | Reached XP level 12. HP: 75/91 MP: 16/18
  6294 | Lair:6   | Killed a merfolk avatar
  6510 | Lair:5   | Killed a death yak
  6510 | Lair:5   | Reached skill level 1 in Charms
  6510 | Lair:5   | Reached skill level 1 in Necromancy
  6531 | Lair:5   | Killed a death yak
  6531 | Lair:5   | Reached skill level 1 in Spellcasting
  6576 | Lair:5   | Mangled by a death yak

Vault maps used:
D:1:      dpeg_arrival_shrine
D:2:      old_standard_altar, nemelex_xobeh_ov_fountains_minmay
D:3:      fedhas_altar_2, grunt_qazlal_clouds,
          nicolae_ru_great_annihilating_truth
D:4:      first_bread, serial_bayou_pond_e, uniq_edmund
D:5:      kennysheep_mini
D:7:      uniq_menkaure
D:8:      xom_teletrap_fun, uniq_grum
D:9:      kennysheep_mini_moat, dancing_weapons_uskayaw, special_room,
          uniq_maurice
D:10:     uniq_urug, uniq_psyche, uniq_nergalle
D:11:     lair_0_dummy, zombieorc2_lemuel, hangedman_little_slice_of_home
D:12:     st_stairs_12
Lair:1:   serial_bayou_shore_a, grunt_megastairs_1
Lair:2:   minmay_swamp_entry_worms, small_statue_intersection,
          infiniplex_staircase_pool_2
Lair:4:   minmay_snake_entry_spellcaster
Lair:5:   hibernation_bobbens, grunt_megastairs_3
Lair:6:   gammafunk_lair_ancient_temple, slime_altar_1

Skill      XL: |  1  2  3  4  5  6  7  8  9 10 11 12 |
---------------+-------------------------------------+-----
Fighting       | 4 |  4.0
Invocations    | 3 5 6 8 9 |  9.0
Armour         | 2 5 |  5.1
Evocations     | 3 7 |  7.5
Dodging        | 3 |  3.0
Maces & Flails | 2 8 12 | 12.6
Charms         | 1 |  1.5
Necromancy     | 1 |  1.5
Spellcasting   | 1 |  1.2
Polearms       | |  1.7

Action                   |  1- 3 |  4- 6 |  7- 9 | 10-12 || total
-------------------------+-------+-------+-------+-------++-------
Melee: Rapier            |   101 |   144 |   326 |       ||   571
       Kick              |     9 |    32 |    59 |    62 ||   162
       Dire flail        |       |       |     4 |   314 ||   318
       Demon whip        |       |       |       |    75 ||    75
Throw: Javelin           |       |     1 |     3 |       ||     4
Invok: Depart the Abyss  |     1 |       |       |       ||     1
       Banish            |       |       |     4 |     7 ||    11
       Corrupt           |       |       |     1 |       ||     1
Evoke: Wand              |       |       |    10 |    34 ||    44
       Sack of spiders   |       |       |       |     2 ||     2
  Use: Scroll            |       |     9 |    12 |    13 ||    34
       Potion            |       |     2 |     3 |     2 ||     7
  Eat: Chunk             |       |     2 |     4 |     2 ||     8
       Fruit             |       |     4 |       |     7 ||    11
       Royal jelly       |       |     1 |     1 |       ||     2
       Pizza             |       |       |     2 |       ||     2
       Beef jerky        |       |       |     1 |       ||     1
Armor: Leather armour    |    49 |       |     2 |     8 ||    59
       Ring mail         |    16 |     2 |       |     3 ||    21
       Scale mail        |       |    96 |   267 |   131 ||   494
       Skin              |       |       |    24 |    16 ||    40
Dodge: Dodged            |    58 |    82 |   220 |   128 ||   488
